[Event "Team 45 45 League T82"]
[Site "Internet Chess Club"]
[Date "2019.10.26"]
[Round "5"]
[White "Skeptic1972"]
[Black "tryanything"]
[Result "1-0"]
[WhiteElo "1492"]
[BlackElo "1490"]
[Opening "Ruy Lopez: open, 6.d4"]
[ECO "C80"]
[Time "05:04:20"]
[TimeControl "2700+45"]

1. e4 e5 2. Nf3 Nc6 3. Bb5 a6 4. Ba4 Nf6 5. O-O Nxe4 6. d4 d5 7. Nxe5 Bd7 8.
Nxf7 Kxf7 9. Qh5+ g6 10. Qxd5+ Be6 11. Qxe4 Qxd4 12. Bxc6 Qxe4 13. Bxe4 c6 14.
Nc3 Bg7 15. Be3 Rad8 16. a3 Rd7 17. Rad1 Rhd8 18. Bb6 Rxd1 19. Rxd1 Rxd1+ 20.
Nxd1 {Black resigns} 1-0

[Event "Team 45 45 League T82"]
[Site "Internet Chess Club"]
[Date "2019.10.28"]
[Round "5"]
[White "Electryon"]
[Black "fireball"]
[Result "0-1"]
[WhiteElo "1469"]
[BlackElo "1488"]
[Opening "Réti opening"]
[ECO "A04"]
[Time "21:04:55"]
[TimeControl "2700+45"]

1. Nf3 g6 2. c4 Bg7 3. g3 b6 4. Bg2 Bb7 5. Nc3 Nf6 6. Rb1 d6 7. b4 Nbd7 8. Bb2
O-O 9. O-O e5 10. d3 Nh5 11. e3 f5 12. d4 e4 13. Nd2 c5 14. bxc5 dxc5 15. d5 Ne5
16. f3 exf3 17. Bxf3 Nxf3+ 18. Nxf3 Re8 19. Re1 Nf6 20. Ng5 Bc8 21. Qf3 h6 22.
Nh3 Rb8 23. Nf4 Kh7 24. Rbd1 a6 25. e4 fxe4 26. Nxe4 Nxe4 27. Bxg7 Kxg7 28. Rxe4
Bf5 29. Qc3+ Kh7 30. Rxe8 Qxe8 31. Re1 Qf7 32. Qe5 Rb7 33. Qe8 Qxe8 34. Rxe8 Kg7
35. Kf2 Kf7 36. Re3 g5 37. Ne2 Re7 38. Rxe7+ Kxe7 39. Ke3 Kd6 40. a4 Bc2 41. Nc3
Ke5 42. Kd2 Bf5 43. Ke3 h5 44. h4 gxh4 45. gxh4 Bg6 46. Ne2 Kf5 47. Kf3 Be8 48.
Nc3 Bd7 49. Kg3 Ke5 50. Kf3 Kd4 51. Ne2+ Kxc4 52. Ke4 Bxa4 53. Nf4 b5 54. d6 b4
55. Ne2 b3 56. Nc1 b2 {White resigns} 0-1

[Event "Team 45 45 League T82"]
[Site "Internet Chess Club"]
[Date "2019.10.27"]
[Round "5"]
[White "nidusin2"]
[Black "sdcohle"]
[Result "1-0"]
[WhiteElo "1487"]
[BlackElo "1312"]
[Opening "Queen's pawn game"]
[ECO "A45"]
[Time "21:54:58"]
[TimeControl "2700+45"]

1. d4 Nf6 2. Nc3 d6 3. Bf4 g6 4. e4 Bg7 5. e5 dxe5 6. dxe5 Qxd1+ 7. Rxd1 Nfd7 8.
Nd5 Kd8 9. e6 Ne5 10. Nb6+ Ke8 11. exf7+ Kxf7 12. Nxa8 c6 13. Nc7 Bf5 14. Bxe5
Bxe5 15. c3 Bxc7 16. Bc4+ Kf6 17. Nf3 Bd6 18. Nd4 Bd7 19. O-O a6 20. Rfe1 c5 21.
Nf3 Nc6 22. Nd2 b5 23. Ne4+ Kg7 24. Nxd6 exd6 25. Rxd6 Be8 26. Rxe8 Rxe8 27.
Rxc6 bxc4 28. Kf1 Rb8 29. Rxc5 Rxb2 30. Ra5 Rc2 31. Ra3 a5 32. g4 a4 33. Kg2 g5
34. Kf3 h6 35. Ke3 Kf6 36. h3 Ke5 37. f3 Rh2 38. Rxa4 Rxh3 39. Rxc4 Rh1 40. a4
Re1+ 41. Kd2 Rf1 42. Ke2 Ra1 43. Rc6 Rxa4 44. Rxh6 Rc4 45. Kd3 Rc5 46. c4 Kf4
47. Rf6+ Kg3 48. Kd4 Rc8 49. c5 Rd8+ 50. Kc4 Rd1 51. c6 Rc1+ 52. Kd5 Rd1+ 53.
Kc5 Rc1+ 54. Kb6 Rb1+ 55. Kc7 Kf2 56. Kd7 Rd1+ 57. Rd6 Rc1 58. c7 Kxf3 59. Rd4
Ke3 60. Rb4 Rd1+ 61. Kc8 Rc1 62. Kb7 Kf3 63. c8=Q Re1 64. Qc3+ Re3 65. Qf6+ Kg3
66. Qxg5 Rf3 67. Qe5+ Kh3 68. g5 Rf7+ 69. Kc6 Rf3 70. g6 Rg3 71. Qxg3+ Kxg3 72.
g7 Kf3 73. g8=Q Ke3 74. Qg3+ Ke2 75. Rb2+ Kf1 76. Qh3+ Kg1 77. Qg2# {Black
checkmated} 1-0

[Event "Team 45 45 League T82"]
[Site "Internet Chess Club"]
[Date "2019.10.24"]
[Round "5"]
[White "QuieroAprender"]
[Black "BrianWood"]
[Result "1-0"]
[WhiteElo "1764"]
[BlackElo "1579"]
[Opening "English: Bremen, Smyslov system"]
[ECO "A22"]
[Time "21:32:55"]
[TimeControl "2700+45"]

1. c4 e5 2. Nc3 Nf6 3. g3 Bb4 4. Bg2 Bxc3 5. bxc3 O-O 6. d4 exd4 7. cxd4 Nc6 8.
d5 Ne5 9. Qd4 Re8 10. e4 Nxe4 11. Bxe4 f5 12. Bb2 fxe4 13. Kf1 d6 14. Qxe4 Ng6
15. Qd4 Qe7 16. Kg2 Qe4+ 17. f3 Qxd4 18. Bxd4 Ne5 19. Bxe5 dxe5 20. Ne2 b6 21.
Rhd1 Bb7 22. Nc3 a6 23. a4 c5 24. Rdb1 b5 25. axb5 axb5 26. Rxa8 Rxa8 27. Rxb5
Ba6 28. Rxc5 Rc8 29. Rxc8+ Bxc8 30. c5 Kf8 31. Ne4 Ke8 32. Nd6+ {Black resigns}
1-0

[Event "Team 45 45 League T82"]
[Site "Internet Chess Club"]
[Date "2019.10.28"]
[Round "5"]
[White "President"]
[Black "andrew37"]
[Result "1/2-1/2"]
[WhiteElo "1527"]
[BlackElo "1628"]
[Opening "Nimzovich-Larsen attack: modern variation"]
[ECO "A01"]
[Time "05:00:25"]
[TimeControl "2700+45"]

1. b3 e5 2. Bb2 d6 3. e3 Nf6 4. Nf3 Be7 5. d4 e4 6. Nfd2 d5 7. c4 c6 8. Nc3 O-O
9. Be2 Be6 10. Qc1 Nbd7 11. Ba3 Bxa3 12. Qxa3 Re8 13. O-O a6 14. Rac1 Rc8 15.
cxd5 cxd5 16. Na4 b5 17. Rxc8 Qxc8 18. Rc1 Qb7 19. Nc5 Nxc5 20. Rxc5 Nd7 21. Rc2
Rc8 22. Qc1 Nb6 23. h3 Rxc2 24. Qxc2 Qc8 25. Qxc8+ Bxc8 26. Bg4 Bxg4 27. hxg4 f6
28. f3 exf3 29. gxf3 Kf7 30. Kf2 Ke6 31. e4 Nd7 32. Ke3 g6 33. Kd3 Kd6 34. Nf1
Nf8 35. Ng3 Ne6 36. Ke3 h6 37. a3 a5 38. Ne2 h5 39. gxh5 gxh5 40. Nf4 h4 41.
Nxe6 Kxe6 42. Kf2 dxe4 43. fxe4 f5 44. e5 Kd5 45. Kf3 Ke6 46. Kf4 Ke7 47. d5 Kf7
48. d6 Ke6 49. Kf3 Kd7 50. Kf4 Ke6 51. Kf3 Kd7 52. Kf4 Ke6 53. Kf3 Kd7 54. Kf4
Ke6 55. Kf3 {Game drawn by repetition} 1/2-1/2

[Event "Team 45 45 League T82"]
[Site "Internet Chess Club"]
[Date "2019.10.27"]
[Round "5"]
[White "isolani"]
[Black "liujf"]
[Result "1-0"]
[WhiteElo "1375"]
[BlackElo "1540"]
[Opening "Queen's pawn game"]
[ECO "D02"]
[Time "17:06:19"]
[TimeControl "2700+45"]

1. d4 d5 2. Nf3 e6 3. Bf4 Nf6 4. e3 c5 5. c4 Nc6 6. Nc3 cxd4 7. exd4 Bd6 8. Ne5
Bxe5 9. dxe5 Nd7 10. cxd5 exd5 11. Bb5 a6 12. Ba4 b5 13. Bb3 d4 14. Bxf7+ Kxf7
15. e6+ Kxe6 16. Qb3+ Ke7 17. Nd5+ Ke8 18. Nc7+ Ke7 19. Qe6+ Kf8 20. Bd6+ Ne7
21. Qf5+ Nf6 22. Qc5 Rb8 23. O-O Ne4 24. Bxe7+ Qxe7 25. Qxd4 Qxc7 26. Qxe4 Bb7
27. Qb4+ Qe7 28. Qf4+ {Black resigns} 1-0

[Event "Team 45 45 League T82"]
[Site "Internet Chess Club"]
[Date "2019.10.26"]
[Round "5"]
[White "Visin"]
[Black "Andressa"]
[Result "1-0"]
[WhiteElo "1227"]
[BlackElo "1330"]
[Opening "Giuoco Pianissimo"]
[ECO "C50"]
[Time "17:17:23"]
[TimeControl "2700+45"]

1. e4 e5 2. Nf3 Nc6 3. Bc4 Bc5 4. d3 Nf6 5. O-O O-O 6. Bg5 h6 7. Bh4 a6 8. a3
Re8 9. Nc3 Nd4 10. Nd5 Nxf3+ 11. Qxf3 Be7 12. Nxe7+ Qxe7 13. Bxf6 Qxf6 14. Qxf6
gxf6 15. f4 d6 16. fxe5 b5 17. Bd5 Rb8 18. Rxf6 Rxe5 19. Raf1 Be6 20. Bxe6 fxe6
21. Rg6+ Kh7 22. Rff6 h5 23. Rxe6 Rxe6 24. Rxe6 Rc8 25. Rf6 Kg7 26. Rf3 c5 27.
b3 a5 28. c4 b4 29. a4 Re8 30. h4 Kg6 31. Kf2 Kg7 32. Ke3 Kg6 33. d4 Rd8 34. Rf5
Rc8 35. dxc5 dxc5 36. Rd5 Rc6 37. g3 Kh6 38. Kf4 Kg6 39. e5 Kh6 40. Rd6+ {Black
resigns} 1-0

[Event "Team 45 45 League T82"]
[Site "Internet Chess Club"]
[Date "2019.10.26"]
[Round "5"]
[White "joaoazm"]
[Black "Demachaeron"]
[Result "1/2-1/2"]
[WhiteElo "1834"]
[BlackElo "1710"]
[Opening "QGD Slav: 4.Nc3"]
[ECO "D15"]
[Time "19:01:08"]
[TimeControl "2700+45"]

1. d4 d5 2. Nf3 Nf6 3. c4 c6 4. Nc3 Bf5 5. Qb3 Qb6 6. Qxb6 axb6 7. cxd5 cxd5 8.
Nh4 Bd7 9. Bg5 e6 10. Bxf6 gxf6 11. e3 Bb4 12. Be2 Nc6 13. O-O Na7 14. Rfc1 Rc8
15. Nb5 Nxb5 16. Rxc8+ Bxc8 17. Bxb5+ Ke7 18. Rc1 Bd6 19. f4 Bd7 20. Bxd7 Kxd7
21. Kf2 Rc8 22. Rxc8 Kxc8 23. Ke2 Kd7 24. Kd3 Kc6 25. g4 e5 26. Nf5 e4+ 27. Kc3
Bf8 28. h3 Kd7 29. h4 Ke6 30. h5 Kd7 31. h6 Ke6 32. a3 Kd7 33. Kb3 Kc6 34. Ng7
Bd6 {Game drawn by mutual agreement} 1/2-1/2

[Event "Team 45 45 League T82"]
[Site "Internet Chess Club"]
[Date "2019.10.25"]
[Round "5"]
[White "RD1974"]
[Black "akshayk06"]
[Result "1/2-1/2"]
[WhiteElo "1591"]
[BlackElo "1420"]
[Opening "Bishop's opening: Berlin defense"]
[ECO "C24"]
[Time "09:30:28"]
[TimeControl "2700+45"]

1. e4 e5 2. Bc4 Nf6 3. d3 Be7 4. Nf3 d6 5. Nc3 Bg4 6. h3 Bh5 7. O-O Nc6 8. g4
Bg6 9. a4 Qd7 10. Nh2 h5 11. Nd5 hxg4 12. Nxf6+ Bxf6 13. Qxg4 Rxh3 14. Kg2 Rh4
15. Qxd7+ Kxd7 16. Nf3 Rh7 17. Be3 Nd4 18. Bxd4 exd4 19. Rac1 Rah8 20. Rh1 Bh5
21. Nh2 Be5 {Game drawn by mutual agreement} 1/2-1/2

[Event "Team 45 45 League T82"]
[Site "Internet Chess Club"]
[Date "2019.10.26"]
[Round "5"]
[White "Waldomiro"]
[Black "Rybo88"]
[Result "1-0"]
[WhiteElo "1452"]
[BlackElo "1496"]
[Opening "French: Tarrasch, open variation"]
[ECO "C07"]
[Time "18:01:44"]
[TimeControl "2700+45"]

1. e4 e6 2. d4 d5 3. Nd2 c5 4. c3 Nc6 5. Ngf3 Nf6 6. e5 Nd7 7. Be2 Be7 8. O-O
O-O 9. Nb3 cxd4 10. cxd4 b6 11. Bf4 Bb7 12. Rc1 f6 13. Qd2 fxe5 14. Nxe5 Ndxe5
15. Bxe5 Nxe5 16. dxe5 d4 17. Qxd4 Qe8 18. Qg4 Rf5 19. Bc4 Kh8 20. f4 Bc5+ 21.
Nxc5 bxc5 22. Bd3 Rf8 23. Rxc5 {White declared winner by adjudication} 1-0

[Event "Team 45 45 League T82"]
[Site "Internet Chess Club"]
[Date "2019.10.25"]
[Round "5"]
[White "kingsrook"]
[Black "dabodhi"]
[Result "0-1"]
[WhiteElo "1259"]
[BlackElo "1343"]
[Opening "QGD: exchange, positional line, 6.Qc2"]
[ECO "D36"]
[Time "15:01:06"]
[TimeControl "2700+45"]

1. d4 d5 2. c4 e6 3. Nc3 Nf6 4. cxd5 exd5 5. Bg5 c6 6. Qc2 Be7 7. e3 Nbd7 8. Bd3
h6 9. Bh4 Nh5 10. Bxe7 Qxe7 11. Nf3 Nf4 12. O-O Nxd3 13. Qxd3 O-O 14. Rfe1 f5
15. Ne5 Nxe5 16. dxe5 Qxe5 17. e4 fxe4 18. Nxe4 dxe4 19. Qc4+ Be6 20. Qxe4 Qxe4
21. Rxe4 Rae8 22. b3 Bd5 23. Ree1 Rxe1+ 24. Rxe1 Kf7 25. f3 Re8 26. Kf2 Rxe1 27.
Kxe1 Kf6 28. Kf2 Kf5 29. Ke3 g5 30. h3 h5 31. Kd4 b6 32. Ke3 h4 {White resigns}
0-1

[Event "Team 45 45 League T82"]
[Site "Internet Chess Club"]
[Date "2019.10.24"]
[Round "5"]
[White "QuieroAprender"]
[Black "mccannj"]
[Result "1-0"]
[WhiteElo "1755"]
[BlackElo "1764"]
[Opening "English: symmetrical, main line with d3"]
[ECO "A38"]
[Time "19:42:49"]
[TimeControl "2700+45"]

1. c4 c5 2. Nc3 g6 3. g3 Bg7 4. Bg2 Nc6 5. Nf3 Nf6 6. d3 O-O 7. O-O d5 8. cxd5
Nxd5 9. Bd2 Re8 10. e4 Nxc3 11. Bxc3 e5 12. a3 Qd6 13. Qc2 b6 14. b4 cxb4 15.
axb4 Nxb4 16. Qa4 Nc6 17. d4 Bd7 18. d5 Nd4 19. Qd1 Nxf3+ 20. Qxf3 Rec8 21. Rfb1
a5 22. h4 Qc7 23. Bd2 b5 24. Rc1 Qb6 25. Rxc8+ Bxc8 26. h5 h6 27. hxg6 fxg6 28.
Qa3 a4 29. Bb4 Bd7 30. Rc1 Bf8 31. d6 Kf7 32. Rc7 Ke8 33. Rxd7 Kxd7 34. Bh3+ Kd8
35. Qa2 Qb7 36. Qe6 a3 37. Qf6+ {Black resigns} 1-0

[Event "Team 45 45 League T82"]
[Site "Internet Chess Club"]
[Date "2019.10.26"]
[Round "5"]
[White "evan7284"]
[Black "kabindra"]
[Result "0-1"]
[WhiteElo "1635"]
[BlackElo "1769"]
[Opening "Queen's pawn, Mason variation"]
[ECO "D00"]
[Time "11:01:35"]
[TimeControl "2700+45"]

1. d4 d5 2. Bf4 Nf6 3. e3 c5 4. c3 Nc6 5. Bd3 c4 6. Bc2 Bg4 7. f3 Bd7 8. Nd2 e6
9. Ne2 Nh5 10. Bg3 Nxg3 11. hxg3 h6 12. f4 Bd6 13. e4 Qb6 14. e5 Bc7 15. Rb1 Ne7
16. g4 Qa6 17. a3 O-O-O 18. Nf3 g5 19. fxg5 hxg5 20. Kd2 Rxh1 21. Qxh1 Ba4 22.
Bxa4 Qxa4 23. Qh7 Qe8 24. Nxg5 Qg8 25. Qh5 Rf8 26. Rf1 Ng6 27. Qh1 Nxe5 28. dxe5
{White resigns} 0-1

[Event "Team 45 45 League T82"]
[Site "Internet Chess Club"]
[Date "2019.10.28"]
[Round "5"]
[White "LuFran"]
[Black "zugknightly"]
[Result "1-0"]
[WhiteElo "1707"]
[BlackElo "1693"]
[Opening "Trompowsky attack (Ruth, Opocenský opening)"]
[ECO "A45"]
[Time "20:01:25"]
[TimeControl "2700+45"]

1. d4 Nf6 2. Bg5 Ne4 3. Bf4 c5 4. f3 Qa5+ 5. c3 Nf6 6. d5 Qb6 7. e4 Qxb2 8. Nd2
Qxc3 9. Bc7 Qe3+ 10. Ne2 g6 11. Nc4 Qh6 12. Bf4 Qg7 13. Nc3 d6 14. Nb5 Na6 15.
Rb1 Bd7 16. Bd3 Nh5 17. Be3 Bxb5 18. Rxb5 Qc3+ 19. Ke2 Nb4 20. Rxb4 cxb4 21.
Qa4+ Kd8 22. Rc1 Qf6 23. Bb6+ {Black resigns} 1-0

[Event "Team 45 45 League T82"]
[Site "Internet Chess Club"]
[Date "2019.10.25"]
[Round "5"]
[White "Ajolote"]
[Black "room-matt"]
[Result "1-0"]
[WhiteElo "1837"]
[BlackElo "1826"]
[Opening "Ruy Lopez: Bird's defense"]
[ECO "C61"]
[Time "12:03:50"]
[TimeControl "2700+45"]

1. e4 e5 2. Nf3 Nc6 3. Bb5 Nd4 4. Nxd4 exd4 5. O-O Bc5 6. d3 c6 7. Bc4 d5 8.
exd5 cxd5 9. Re1+ Ne7 10. Bb3 h6 11. c4 dxc4 12. Bxc4 O-O 13. Nd2 Bb6 14. b4 Nd5
15. Qb3 Be6 16. Nf3 Qd6 17. Bb2 Nf4 18. g3 Bg4 19. Ne5 Ne2+ 20. Rxe2 Bxe2 21.
Bxf7+ Kh7 22. Bg6+ Kh8 23. f4 Bf3 24. Nf7+ Rxf7 25. Bxf7 Rc8 26. Re1 Qc7 27. a4
a6 28. Kf2 Bc6 29. Re6 Qd7 30. Re2 Bxa4 31. Qd5 Qxd5 32. Bxd5 Bd1 33. Re6 Rc2+
34. Ke1 Rxb2 35. Rxb6 Bg4 36. Be4 Rxh2 37. Rxb7 Kg8 38. Bg6 Kf8 39. Rf7+ Kg8 40.
Re7 Rh1+ 41. Kf2 Rh2+ 42. Kf1 {Black resigns} 1-0

[Event "Team 45 45 League T82"]
[Site "Internet Chess Club"]
[Date "2019.10.25"]
[Round "5"]
[White "Packerfan"]
[Black "joaoazm"]
[Result "0-1"]
[WhiteElo "1744"]
[BlackElo "1840"]
[Opening "Two knights defense"]
[ECO "C56"]
[Time "17:00:38"]
[TimeControl "2700+45"]

1. e4 e5 2. Nf3 Nc6 3. Bc4 Nf6 4. d4 exd4 5. O-O Nxe4 6. Re1 f5 7. Nxd4 Qh4 8.
g3 Qf6 9. Nb5 Kd8 10. Bf4 d6 11. N1c3 Nxc3 12. Nxc3 Bd7 13. Qd2 Kc8 14. Rad1 h6
15. h4 g6 16. Na4 Bg7 17. c3 Nb8 18. Bb3 b5 19. Qd3 bxa4 20. Bd5 c6 21. Bc4 Bf8
22. Ba6+ Kc7 23. Re2 a3 24. Red2 axb2 25. Rxb2 Nxa6 26. Qxa6 Kd8 27. Qb7 Rc8 28.
Rbd2 d5 29. c4 g5 30. cxd5 c5 31. hxg5 hxg5 32. Be3 Qh6 33. Kf1 f4 34. gxf4 Qh1+
35. Ke2 Bg4+ 36. Kd3 Bxd1 37. fxg5 Rh7 38. Qa6 Qf1+ {White resigns} 0-1

[Event "Team 45 45 League T82"]
[Site "Internet Chess Club"]
[Date "2019.10.26"]
[Round "5"]
[White "nealbruce"]
[Black "WillC"]
[Result "1-0"]
[WhiteElo "1723"]
[BlackElo "1548"]
[Opening "Scandinavian: Marshall variation"]
[ECO "B01"]
[Time "14:04:31"]
[TimeControl "2700+45"]

1. e4 d5 2. exd5 Nf6 3. d4 Nxd5 4. c4 Nf6 5. Nf3 Bg4 6. Be2 e6 7. O-O Bd6 8. h3
Bh5 9. Nc3 O-O 10. Be3 Nbd7 11. c5 Be7 12. Qb3 Rb8 13. Rfd1 Qc8 14. Rac1 c6 15.
Bf4 Ra8 16. Qc2 Bg6 17. Bd3 Nd5 18. Bxg6 hxg6 19. Nxd5 exd5 20. Re1 Re8 21. Re2
Bf8 22. Rxe8 Qxe8 23. Re1 Qc8 24. Qe2 Nf6 25. Ne5 Qe6 26. Qd1 Re8 27. Qa4 a6 28.
Qb4 Nh5 29. Bh2 Qc8 30. Nf3 Rxe1+ 31. Qxe1 Nf6 32. Be5 Ne4 33. Nd2 Nxd2 34. Qxd2
Qf5 35. Qb4 Qc8 36. a3 f6 37. Bg3 Qd7 38. f3 Qe7 39. Kf2 Qd7 40. h4 Qc8 41. Bf4
Qd7 42. g4 Be7 43. Bg3 Kf7 44. Qb3 Ke8 45. Qe3 Kf7 46. Qf4 Kg8 47. Qb8+ Kf7 48.
Bc7 f5 49. g5 f4 50. Bxf4 Qf5 51. Qe5 Qc2+ 52. Qe2 Qf5 53. Bg3 Bf8 54. Qd1 Be7
55. Kg2 Qe6 56. Qd2 Qf5 57. Qf4 Ke6 58. b4 Qc2+ 59. Bf2 Qd3 60. Qc7 Qb5 61. Qe5+
Kf7 62. h5 gxh5 63. g6+ Kxg6 64. Qxe7 b6 65. Bh4 bxc5 66. Qg5+ Kf7 67. Qxh5+ Kg8
68. Qe8+ Kh7 69. dxc5 Qd3 70. Qxc6 Qe2+ 71. Bf2 Qe5 72. Qxa6 d4 73. Qd3+ Kg8 74.
Qxd4 Qg5+ 75. Bg3 {Black resigns} 1-0

[Event "Team 45 45 League T82"]
[Site "Internet Chess Club"]
[Date "2019.10.25"]
[Round "5"]
[White "Gojira"]
[Black "fireball"]
[Result "1-0"]
[WhiteElo "1625"]
[BlackElo "1471"]
[Opening "Queen's pawn: London system"]
[ECO "A45"]
[Time "14:31:38"]
[TimeControl "2700+45"]

1. d4 Nf6 2. Bf4 c5 3. d5 Qa5+ 4. Nc3 Ne4 5. Qd3 Nxf2 6. Kxf2 Qb4 7. e3 Qxb2 8.
Rb1 Qa3 9. Nb5 Qxa2 10. Nc7+ Kd8 11. Qb3 Qa5 12. Nxa8 d6 13. Nb6 Qxb6 14. Qxb6+
axb6 15. Rxb6 Nd7 16. Rb2 Nf6 17. c4 Ne4+ 18. Kf3 f5 19. Bd3 Nf6 20. Ne2 g6 21.
Ra1 Bg7 22. Ra8 Nxd5 23. Rxb7 Nb4 24. Bb1 Bf6 25. Nd4 Bxd4 26. exd4 Nc6 27. dxc5
Na5 28. Rba7 Nc6 29. Rxc8+ Kxc8 30. Ra8+ Nb8 31. cxd6 Kb7 32. Ra4 Nc6 33. dxe7
Nxe7 34. Bd6 Nc6 35. c5 Re8 36. Ra3 Nd4+ 37. Kf2 Re2+ 38. Kg3 g5 39. Rd3 f4+ 40.
Kh3 Nc6 41. Rb3+ Kc8 42. Bxh7 Nd4 43. Rd3 Nc2 44. Bf5+ Kd8 45. Bxf4+ Ke8 46.
Bxg5 Ne1 47. Re3+ Rxe3+ 48. Bxe3 {Black resigns} 1-0

[Event "Team 45 45 League T82"]
[Site "Internet Chess Club"]
[Date "2019.10.27"]
[Round "5"]
[White "Toalla"]
[Black "scostanzo212"]
[Result "0-1"]
[WhiteElo "1229"]
[BlackElo "1592"]
[Opening "English, 1...Nf6 (Anglo-Indian defense)"]
[ECO "A15"]
[Time "12:04:29"]
[TimeControl "2700+45"]

1. c4 Nf6 2. b3 e5 3. Nc3 Nc6 4. a3 g6 5. Bb2 Bg7 6. e4 O-O 7. Nf3 d6 8. Be2 Ne8
9. O-O f5 10. d3 f4 11. Nd5 g5 12. Kh1 g4 13. Ng1 h5 14. f3 g3 15. h3 Nf6 16. b4
Nh7 17. c5 Rf7 18. b5 Qh4 19. bxc6 bxc6 20. Nc3 Ng5 21. cxd6 Bxh3 22. Nxh3 Nxh3
{White resigns} 0-1

[Event "Team 45 45 League T82"]
[Site "Internet Chess Club"]
[Date "2019.10.26"]
[Round "5"]
[White "g8wrb"]
[Black "olivermx"]
[Result "0-1"]
[WhiteElo "1279"]
[BlackElo "1312"]
[Opening "Nimzovich-Larsen attack: modern variation"]
[ECO "A01"]
[Time "08:02:07"]
[TimeControl "2700+45"]

1. b3 e5 2. Bb2 Nc6 3. e3 d6 4. Bb5 Bd7 5. Qf3 Nf6 6. Nc3 Be7 7. Nge2 O-O 8. O-O
a6 9. Bc4 Bg4 10. Qg3 Qd7 11. f3 Be6 12. Bxe6 Qxe6 13. f4 e4 14. f5 Qd7 15. Nxe4
Qd8 16. d3 Rc8 17. c4 Nh5 18. Qg4 Nf6 19. Nf4 Nxg4 20. Nh5 Nf6 21. Bxf6 Bxf6 22.
Nhxf6+ gxf6 23. Rf4 Kh8 24. Raf1 Qe7 25. R1f3 Ne5 26. Rh3 Ng6 27. Rg4 Qe5 28.
fxg6 fxg6 29. Rxg6 f5 30. Ng5 Qe7 31. Nxh7 Qxh7 32. Rgh6 Qxh6 33. Rxh6+ Kg7 34.
Rh3 Rh8 35. Rg3+ Kf6 36. Rf3 Ke6 37. d4 c6 38. e4 fxe4 39. Re3 Kf5 40. h3 Rce8
41. Kf2 Rhf8 42. Ke2 Kg5 43. Rg3+ Kh5 44. Re3 Rg8 45. g3 Rgf8 46. a3 Kg5 47. b4
Rf3 48. a4 Rxe3+ 49. Kxe3 Kf5 50. b5 cxb5 51. cxb5 axb5 52. axb5 d5 53. b6 Rc8
54. Kd2 Rc6 55. Ke3 Rxb6 56. Kf2 Rc6 57. Ke3 b5 {White resigns} 0-1

[Event "Team 45 45 League T82"]
[Site "Internet Chess Club"]
[Date "2019.10.26"]
[Round "5"]
[White "kabubi"]
[Black "CMAlge"]
[Result "0-1"]
[WhiteElo "1122"]
[BlackElo "1296"]
[Opening "Giuoco Piano: Möller (Therkatz) attack"]
[ECO "C54"]
[Time "15:04:31"]
[TimeControl "2700+45"]

1. e4 e5 2. Nf3 Nc6 3. Bc4 Bc5 4. c3 Nf6 5. d4 exd4 6. cxd4 Bb4+ 7. Nc3 Nxe4 8.
O-O Bxc3 9. d5 Bf6 10. dxc6 bxc6 11. Re1 d5 12. Bd3 Bf5 13. Qa4 Qd7 14. Nd2 O-O
15. Bxe4 Rfe8 16. f3 dxe4 17. Nxe4 Qd4+ 18. Qxd4 Bxd4+ 19. Kf1 Be6 20. Rd1 Bc4+
21. Ke1 Rad8 22. g4 Bf2+ {White resigns} 0-1

[Event "Team 45 45 League T82"]
[Site "Internet Chess Club"]
[Date "2019.10.26"]
[Round "5"]
[White "clarinetref"]
[Black "Kingofknights"]
[Result "0-1"]
[WhiteElo "1498"]
[BlackElo "1576"]
[Opening "Réti opening"]
[ECO "A09"]
[Time "21:05:22"]
[TimeControl "2700+45"]

1. Nf3 d5 2. c4 c5 3. cxd5 Qxd5 4. Nc3 Qd8 5. g3 b6 6. Bg2 Bb7 7. O-O Nf6 8. Qb3
e6 9. d3 h6 10. Bf4 Bd6 11. Bd2 O-O 12. Rfd1 Qe7 13. Rac1 Nbd7 14. a4 Nd5 15.
Nb5 Bb8 16. e4 Nc7 17. Na3 Ne8 18. Nc4 Nef6 19. a5 Bc7 20. Ra1 Ng4 21. a6 Bc6
22. Na3 Nge5 23. Nb5 Nxf3+ 24. Bxf3 Ne5 25. Bg2 Rad8 26. d4 c4 27. Qb4 Qxb4 28.
Bxb4 Bxb5 29. Bxf8 Nd3 30. Ba3 Rxd4 31. Rd2 e5 32. Rad1 Bxa6 33. f3 Bb5 34. Bf1
Ba4 35. Rb1 Bb3 36. Bxd3 cxd3 37. Rc1 Bc2 38. Kf2 f6 39. b3 Kf7 40. Bb2 Rb4 41.
Ra1 a5 42. Ra4 Bd6 43. Bc3 Bc5+ 44. Kg2 Rxa4 45. bxa4 Be3 46. Rf2 Bxf2 47. Kxf2
Bxa4 48. Ke3 Bc2 49. f4 exf4+ 50. gxf4 Ke6 51. Bd4 b5 52. Kd2 b4 53. Bc5 g6 54.
h4 h5 55. Bd4 b3 56. Bb2 a4 57. Ba3 g5 58. f5+ Ke5 59. Bb2+ Kxe4 60. Bxf6 Kxf5
61. Bxg5 b2 {White resigns} 0-1

[Event "Team 45 45 League T82"]
[Site "Internet Chess Club"]
[Date "2019.10.26"]
[Round "5"]
[White "Visin"]
[Black "sdcohle"]
[Result "0-1"]
[WhiteElo "1206"]
[BlackElo "1321"]
[Opening "French: Rubinstein variation"]
[ECO "C10"]
[Time "08:30:46"]
[TimeControl "2700+45"]

1. e4 e6 2. d4 d5 3. Nc3 dxe4 4. Nxe4 Nd7 5. Nf3 Ngf6 6. Bg5 Be7 7. Bd3 Nxe4 8.
Bxe7 Nxf2 9. Bxd8 Nxd1 10. Rxd1 Kxd8 11. O-O Nf6 12. h3 Ke7 13. c4 Bd7 14. Rfe1
c6 15. b4 Rhe8 16. a4 Kf8 17. b5 cxb5 18. axb5 b6 19. Ne5 Bc8 20. Rd2 Bb7 21. g3
Rad8 22. Bc2 Kg8 23. g4 Nd7 24. Red1 Nxe5 25. dxe5 Rxd2 26. Rxd2 g6 27. Rd7 Rb8
28. g5 Kg7 29. h4 a5 30. Kf2 Bh1 31. Ke3 Rb7 32. Rd6 Bg2 33. Be4 Bxe4 34. Kxe4
h6 35. Kd3 h5 36. Kc3 Kf8 37. Rc6 Ke7 38. c5 bxc5 39. Rxc5 Kd7 40. Kc4 Rc7 41.
b6 Rxc5+ 42. Kxc5 a4 43. Kb4 Kc6 44. b7 Kxb7 45. Kxa4 Kc6 46. Kb4 Kd5 47. Kb5
Kxe5 48. Kc6 Kf4 49. Kd6 e5 {White resigns} 0-1

[Event "Team 45 45 League T82"]
[Site "Internet Chess Club"]
[Date "2019.10.26"]
[Round "5"]
[White "gregorgg"]
[Black "rkjulianjr"]
[Result "0-1"]
[WhiteElo "1174"]
[BlackElo "1351"]
[Opening "Queen's pawn, Mason variation, Steinitz counter-gambit"]
[ECO "D00"]
[Time "15:04:10"]
[TimeControl "2700+45"]

1. d4 d5 2. Bf4 c5 3. e3 Nf6 4. Nf3 Nc6 5. Bb5 Qb6 6. Qd3 c4 7. Bxc6+ bxc6 8.
Qa3 e5 9. b4 exf4 10. O-O Bxb4 11. Qb2 fxe3 12. fxe3 O-O 13. Qc1 Ne4 14. c3 Bd6
15. Nbd2 Nf6 16. Rb1 Qc7 17. Qc2 g6 18. e4 Nxe4 19. Nxe4 Bf5 20. Nfg5 Bxe4 21.
Nxe4 dxe4 22. Qxe4 Rae8 23. Qh4 Qa5 24. Rf6 Be7 25. Rbf1 Bxf6 26. Rxf6 Qxa2 27.
Rf2 Re1+ 28. Rf1 Rxf1+ 29. Kxf1 Qa1+ 30. Kf2 Re8 31. Kf3 Qxc3+ 32. Kf4 Qxd4+ 33.
Kg5 Qxh4+ 34. Kxh4 c3 {White resigns} 0-1

[Event "Team 45 45 League T82"]
[Site "Internet Chess Club"]
[Date "2019.10.27"]
[Round "5"]
[White "Just-Jim"]
[Black "seldredg"]
[Result "1-0"]
[WhiteElo "1236"]
[BlackElo "1244"]
[Opening "Dutch"]
[ECO "A80"]
[Time "12:01:16"]
[TimeControl "2700+45"]

1. d4 f5 2. Nc3 Nf6 3. e3 g6 4. Nf3 d6 5. Bb5+ c6 6. Bc4 d5 7. Bd3 Bg7 8. O-O
O-O 9. Re1 Ne4 10. Bxe4 dxe4 11. Ng5 Rf6 12. f4 exf3 13. Qxf3 Bd7 14. Qh3 h6 15.
Nf3 Qe8 16. Ne5 Be6 17. Qh4 g5 18. Qg3 Na6 19. a3 Rd8 20. Qh3 Nc7 21. Na4 b6 22.
Qf3 Bd5 23. Qg3 Ne6 24. Bd2 h5 25. c4 Be4 26. Nc3 h4 27. Qf2 Bh8 28. Nxe4 fxe4
29. Qe2 Rh6 30. Ng4 Rh7 31. Nf2 Qg6 32. Qg4 Nxd4 33. exd4 Bxd4 34. Be3 Bxb2 35.
Ra2 Bd4 36. Qxg5 Qxg5 37. Bxg5 e3 38. Bxe3 Bf6 39. Ne4 e5 40. Nxf6+ Kg7 41. Nxh7
Kxh7 42. Bg5 Rd4 43. Rc2 Rg4 44. Rxe5 h3 45. g3 Rd4 46. Re7+ Kg6 47. Bf4 Kf6 48.
Rxa7 Kf5 49. Be3 Rd3 50. Bxb6 Ke4 51. Re7+ Kf3 52. Rf2+ Kg4 53. Rf4+ Kh5 54.
Re5+ Kg6 55. a4 Rd1+ 56. Kf2 Rd2+ 57. Kg1 Rd1+ 58. Rf1 Rd2 59. Re6+ Kh5 60. Rxc6
Rg2+ 61. Kh1 Ra2 62. a5 Ra4 63. Rc5+ Kg4 64. Rf4# {Black checkmated} 1-0